Cogmind - Beta 15 @@@ ROGUE MODE // 2025.05.09 @ 20:40:52 Player: Anting Result: Destroyed by D-53 Grenadier with Mini Grenade Launcher Performance ------------- Evolutions (0) 0 Regions Visited (2) 400 Robots Destroyed (6) 30 Value Destroyed (243) 243 Prototype IDs (0) 0 Alien Tech Used (0) 0 Bonus (0) 0 TOTAL SCORE: 673 Bonus ------- None Cogmind --------- Core Integrity 0/250 Matter 185/300 Energy 80/125 System Corruption 0% Temperature Warm (130) Movement Walking (330) Ox3 Location -10/Mines Parts ------- > --- POWER (1) -------- Light Ion Engine > --- PROPULSION (2) --- Aluminum Leg > --- UTILITY (2) ------ Large Storage Unit > --- WEAPON (2) ------- Particle Cannon Particle Cannon > --- INVENTORY (15) --- Light Treads Aluminum Leg Particle Cannon Assault Rifle Light Assault Rifle Light Assault Rifle EMP Blaster EMP Blaster EMP Blaster Peak State ------------ > --- POWER ------------ Ion Engine > --- PROPULSION ------- Aluminum Leg Aluminum Leg > --- UTILITY ---------- Large Storage Unit > --- WEAPON ----------- Particle Cannon Particle Cannon > --- INVENTORY -------- Light Ion Engine Light Treads Aluminum Leg Particle Cannon Particle Cannon Assault Rifle Light Assault Rifle Light Assault Rifle EMP Blaster EMP Blaster EMP Blaster [Rating: 9] Favorites ----------- Power Ion Engine Engine Ion Engine Propulsion Aluminum Leg Treads Light Treads Leg Aluminum Leg Utility Small Storage Unit Storage Small Storage Unit Weapon Light Assault Rifle Energy Cannon Particle Cannon Ballistic Gun Light Assault Rifle Build | -11 -10 -10 ------- Run | Yrd Mat Min Slots Evolved . | . . . Power . | . . . Propulsion . | . . . Utility . | . . . Weapon . | . . . Parts Attached 14 | 6 4 4 Power 2 | 1 . 1 Engine 2 | 1 . 1 Core . | . . . Reactor . | . . . Propulsion 4 | 2 2 . Treads 2 | 2 . . Leg 2 | . 2 . Wheel . | . . . Hover . | . . . Flight . | . . . Utility 2 | 1 1 . Device . | . . . Storage 2 | 1 1 . Processor . | . . . Hackware . | . . . Protection . | . . . Artifact . | . . . Weapon 6 | 2 1 3 Energy Gun . | . . . Energy Cannon 3 | . . 3 Ballistic Gun 3 | 2 1 . Ballistic Cannon . | . . . Launcher . | . . . Special Weapon . | . . . Impact Weapon . | . . . Slashing Weapon . | . . . Piercing Weapon . | . . . Special Melee Weapon . | . . . Unidentified Prototypes . | . . . Parts Lost 5 | . 2 3 Power 1 | . . 1 Propulsion 2 | . 1 1 Utility . | . . . Weapon 2 | . 1 1 Highest Loss Streak 3 | . 2 3 To Critical Strikes . | . . . Average Backups 6 | 2 4 10 Power . | . 1 . Propulsion 1 | 1 1 2 Utility . | . . . Weapon 3 | . 1 8 Tool/Special . | . . . Unused Backups 2 | . . 2 Power . | . . . Propulsion 1 | . . 1 Utility . | . . . Weapon 1 | . . 1 Tool/Special . | . . . Average Slot Usage (%) 83 | . 83 84 Engine 13 | . 13 14 Treads 9 | . 16 . Leg 18 | . 11 28 Storage 14 | . 14 14 Ballistic Gun 26 | . 26 27 Peak Build Rating 9 | 6 7 9 Average Rating 6 | 4 5 7 On Entrance 4 | . 6 7 Naked Turns . | . . . Heaviest Build 32 | 13 32 27 Greatest Support 40 | 40 40 20 Greatest Overweight (x) 1 | . 1 1 Average Overweight (x) . | . . 1 Largest Inventory Capacity 15 | 8 15 15 Average Capacity 11 | 6 9 15 Most Carried 11 | 4 11 11 Average Carried 6 | 2 4 10 Final Capacity 15 | 8 15 15 Final Carried 11 | 4 11 9 Class Distribution -------------------- 100% | Mutant Dominant Class ---------------- Mutant | -10/Materials Mutant | -10/Mines Resources | -11 -10 -10 ----------- Run | Yrd Mat Min Matter Collected 373 | 222 151 . Remotely . | . . . Salvage Created 271 | . 271 . Parts 13 | . 13 . Haulers Intercepted . | . . . Recyclers Shooed . | . . . Parts Field Recycled . | . . . Retrieved Matter . | . . . Parts Self-Destructed . | . . . Prevented . | . . . Kills | -11 -10 -10 ------- Run | Yrd Mat Min Combat Hostiles Destroyed 6 | . 6 . Guns 6 | . 6 . Classes Destroyed 1 | . 1 . Grunt 6 | . 6 . Best Kill Streak 5 | . 5 . Combat Bots Only 5 | . 5 . Max Kills in Single Turn 1 | . 1 . Gunslinging . | . . . Exploded . | . . . Melee . | . . . Uniques/NPCs Destroyed . | . . . Combat | -11 -10 -10 -------- Run | Yrd Mat Min Hostile Shots Fired 65 | . 52 13 Missed 11 | . 10 1 Hits 54 | . 42 12 Projectile 54 | . 42 12 AOE 12 | . . 12 Critical Strikes 1 | . 1 . Damage Taken 1136 | . 591 545 Core 267 | . 71 196 Absorbed by Shields . | . . . Core Remaining (%) 100 | 100 . . Volleys Fired 30 | 1 27 2 Largest 2 | 2 2 2 Hottest 136 | 40 40 136 Shots Fired 59 | 2 53 4 Gun 55 | 2 53 . Cannon 4 | . . 4 Launcher . | . . . Special . | . . . Kinetic 55 | 2 53 . Thermal 4 | . . 4 Explosive . | . . . Electromagnetic . | . . . Robot Hit Streak 8 | 2 8 1 Robot Miss Streak 3 | . 3 2 Penetration Max . | . . . Secondary Targets . | . . . Shots Hit Robots 38 | 2 34 2 Core Hits 17 | 1 16 . Critical Kills . | . . . Critical Parts Destroyed 1 | . 1 . Critical Strikes 1 | . 1 . Destroy 1 | . 1 . Melee Attacks . | . . . Impact . | . . . Slashing . | . . . Piercing . | . . . Sneak Attacks . | . . . Combat Hostiles . | . . . Follow-up Attacks . | . . . Damage Inflicted 393 | 21 330 42 Guns 351 | 21 330 . Cannons 42 | . . 42 Explosions . | . . . Melee . | . . . Ramming . | . . . Kinetic 351 | 21 330 . Thermal 42 | . . 42 Explosive . | . . . Electromagnetic . | . . . Impact . | . . . Slashing . | . . . Piercing . | . . . Highest Corruption . | . . . Average Corruption . | . . . Corruption Purged . | . . . Corruption Blocked . | . . . Overload Shots . | . . . Overflow Damage . | . . . Projectiles . | . . . Explosions . | . . . Melee . | . . . Knockbacks . | . . . Impact . | . . . Kinetic . | . . . Secondary . | . . . Self-Inflicted Damage . | . . . Shots . | . . . Rammed . | . . . Targets Rammed 1 | . . 1 Kicked 1 | . . 1 Crushed . | . . . Highest Temperature 130 | . 18 130 Average Temperature 20 | . 8 74 Received Heat Transfer 351 | . 351 . Siege Activations . | . . . Martial Activations . | . . . Shielding Activations . | . . . Robots Disrupted . | . . . Combat Hostiles . | . . . Robots Corrupted . | . . . Combat Hostiles . | . . . Parts Fried . | . . . Impact Corruptions . | . . . Robots Melted . | . . . Combat Hostiles . | . . . Parts Melted . | . . . Heat Transferred 74 | . . 74 Parts Sabotaged . | . . . Parts Stolen . | . . . Parts Stripped . | . . . Power Chain Reactions . | . . . Alert | -11 -10 -10 ------- Run | Yrd Mat Min Maximum Alert Level . | . . . Low Security (%) 100 | 100 100 100 Level 1 . | . . . Level 2 . | . . . Level 3 . | . . . Level 4 . | . . . Level 5 . | . . . High Security . | . . . Max Security . | . . . Peak Influence 125 | . 125 14 Initial 14 | . . 14 Average 27 | . 50 1 Influence Increases 195 | . 195 . Destroy 0b10 Robot/C 120 | . 120 . Destroy Leader 30 | . 30 . Lose Combat Pursuer 45 | . 45 . Influence Decreases 195 | . 158 37 Entered New Map 23 | . . 23 Time Decay 152 | . 138 14 Lost Part 20 | . 20 . Squads Dispatched 1 | . 1 . Investigation . | . . . Extermination . | . . . Reinforcement 1 | . 1 . Assault . | . . . Garrison . | . . . Intercept . | . . . Searches Triggered . | . . . Construction Impeded . | . . . Haulers Reinforced . | . . . Active Scanning Responses . | . . . Cargo Convoy Interrupts . | . . . Stealth | -11 -10 -10 --------- Run | Yrd Mat Min Distress Signals 1 | . 1 . Communications Jammed . | . . . Distress Signals . | . . . Times Spotted 13 | . 11 2 Peak Tracking Total 6 | . 6 2 Tactical Retreats 2 | . 2 . Traps | -11 -10 -10 ------- Run | Yrd Mat Min Traps Triggered 4 | . 4 . Indirectly . | . . . Trap Hack Attempts . | . . . Triggered . | . . . Disarmed . | . . . Reprogrammed . | . . . Reused . | . . . Traps Extracted . | . . . Installed . | . . . Triggered . | . . . Machines | -11 -10 -10 ---------- Run | Yrd Mat Min Machines Disabled . | . . . Max in Single Turn . | . . . Machines Repaired . | . . . Machines Dismantled . | . . . Machines Sabotaged . | . . . Overloaded Fab Kills . | . . . Hacking | -11 -10 -10 --------- Run | Yrd Mat Min Machines Accessed 2 | . 2 . Terminals 2 | . 2 . Fabricators . | . . . Repair Stations . | . . . Recycling Units . | . . . Scanalyzers . | . . . Garrison Access . | . . . Total Hacks 3 | . 3 . Successful 1 | . 1 . Failed 2 | . 2 . Catastrophic 2 | . 2 . Database Lockouts . | . . . Manual 3 | . 3 . Terminals 3 | . 3 . Fabricators . | . . . Repair Stations . | . . . Recycling Units . | . . . Scanalyzers . | . . . Garrison Access . | . . . Terminal Hacks 1 | . 1 . Part Schematic 1 | . 1 . Fabricator Hacks . | . . . Repair Station Hacks . | . . . Recycling Unit Hacks . | . . . Scanalyzer . | . . . Garrison Access Hacks . | . . . Unauthorized Hacks . | . . . Terminals . | . . . Fabricators . | . . . Repair Stations . | . . . Recycling Units . | . . . Scanalyzers . | . . . Garrison Access . | . . . Data Cores Recovered . | . . . Used . | . . . Hacking Detections 2 | . 2 . Full Trace Events . | . . . Feedback Events . | . . . Feedback Blocked . | . . . Robot Schematics Acquired . | . . . Robots Built . | . . . Authchips . | . . . Time . | . . . Total Robot Build Rating . | . . . Part Schematics Acquired 1 | . 1 . Parts Built . | . . . Authchips . | . . . Time . | . . . Total Part Build Rating . | . . . Parts Repaired . | . . . Time . | . . . Parts Recycled . | . . . Recycled Matter . | . . . Retrieved Matter . | . . . Retrieved Components . | . . . Parts Scanalyzed . | . . . Part Schematics Acquired . | . . . Parts Damaged . | . . . Bothacking | -11 -10 -10 ------------ Run | Yrd Mat Min Used RIF Installer . | . . . Robots Hacked . | . . . Non-combat . | . . . Combat . | . . . Robot Hacks Applied . | . . . Relay Couplers Released . | . . . Fabnet Peak Effective % . | . . . Robots Rewired . | . . . Allies Hacked . | . . . Hacks Repelled . | . . . Allies | -11 -10 -10 -------- Run | Yrd Mat Min Total Allies . | . . . Largest Group . | . . . Highest-Rated Group . | . . . Highest-Rated Ally . | . . . Total Orders . | . . . Ally Attacks . | . . . Total Damage . | . . . Kills . | . . . Allies Corrupted . | . . . Allies Melted . | . . . Intel | -11 -10 -10 ------- Run | Yrd Mat Min Active Infowar (turns) . | . . . Robot Analysis Total . | . . . Derelict Logs Recovered 1 | . . 1 Drone Launches . | . . . Drone Recoveries . | . . . Exploration | -11 -10 -10 ------------- Run | Yrd Mat Min Turns Passed 753 | 76 400 277 Spaces Moved 366 | 40 187 139 Core 2 | 2 . . Treads 125 | 38 87 . Legs 239 | . 100 139 Wheels . | . . . Hover . | . . . Flight . | . . . Fastest Speed 50 | 50 120 190 Average Speed 166 | 154 152 190 Slowest Speed 190 | 160 190 190 Overloaded Moves . | . . . Propulsion Burnouts . | . . . Robots Hopped . | . . . Potential Cave-ins . | . . . Cave-ins Triggered . | . . . Exploration Rate (%) 28 | 4 40 41 Regions Visited 2 Branch Regions 1 Pre-discovered Areas . | . . . Known Exits Taken . | . . . Unknown Exits Taken 2 | 1 1 . Scrap Searched . | . . . Spaces Dug . | . . . Terrain Destroyed . | . . . Melee . | . . . Projectile . | . . . AOE . | . . . Terrain Rammed . | . . . Walls Destroyed . | . . . Machines Disabled . | . . . Actions | -11 -10 -10 --------- Run | Yrd Mat Min Total 449 | 50 253 146 Wait 18 | . 18 . Move 364 | 39 186 139 Hop . | . . . Pick Up 12 | 4 8 . Fast Attach 16 | 6 10 . Attach 4 | . 2 2 Detach 1 | . 1 . Swap 2 | . . 2 Drop 1 | . 1 . Fire 30 | 1 27 2 Melee . | . . . Ram . | . . . Kick 1 | . . 1 Crush . | . . . Escape Stasis . | . . . Rewire . | . . . Trap . | . . . Miscellaneous . | . . . Route ------- -11/Scrapyard -10/Materials (discovered 2 exits: [*Mat] / [*Min]) -10/Mines (discovered 1 exit: [*Mat]) History --------- Turn | Location | Event 23 | -11/Scrapyard | Discovered new exit (range 14) 77 | -11/Scrapyard | Entered Materials 248 | -10/Materials | Discovered new exit (range 12) 333 | -10/Materials | Build established: Mutant 430 | -10/Materials | Discovered new exit (range 9) 477 | -10/Materials | Entered Mines 612 | -10/Mines | Discovered new exit (range 8) 721 | -10/Mines | Learned Materials interactive machine intel 727 | -10/Mines | Assembled infested the area 747 | -10/Mines | Core integrity fell below 50% 747 | -10/Mines | Core integrity fell below 20% 754 | -10/Mines | Destroyed by D-53 Grenadier with Mini Grenade Launcher Last Messages --------------- 00620_ T-07 Excavator is excavating. 00636_ U-05 Engineer lays Concrete. 00637_ T-07 Excavator is excavating. 00715_ Kicked K-01 Serf. 00721_ Acquired derelict log, extracted data. Data stored: Materials interactive machine intel. 00727_ ALERT: Infestation in the mines, dispatching Demolisher response squad. 00742_ C-30 ARC bursts open, deploying its payload. 00742_ D-53 Grenadier unfolds itself. 00746_ The unstable cave ceiling collapses. 00746_ U-05 Engineer lays Concrete. 00746_ Ion Engine destroyed. 00746_ R-06 Scavenger destroyed. 00747_ U-05 Engineer lays Concrete. 00748_ U-05 Engineer builds a Wall. 00748_ Particle Cannon destroyed. 00748_ U-05 Engineer destroyed. 00754_ The unstable cave ceiling collapses. 00754_ Aluminum Leg destroyed. Map ----- +----------------------------------------------------+ | ?????????????????????????????? ????# | | ??????????????????????????????# #????# | | ??????????????????????????##### #????# # ### | | ?????????????????????????## ## ###??## | | ??????????????????????#### ##??## # | | ?????????????????????## < ##??#### #### | | ????????????????????## ####### #??? | | ????????????????????# ## #??? | | ???????????????????## ## #??? | | ??????????????????## ####### ## #??? | | ?????????????????## ### ##?????# ## #??? | | ?????????????????# ##?## #??????# ## #??? | | ?????????????????# #???# #??????# ## #??? | | ?????????????????## ##???## #????### ## #??? | | ??????????????????###?????# #???## # #??? | | ?????????????????????????## u##### ##?? | | ????????????????????????## ##? | | ????????????????????????# ## | | ????????????????????????# ######### ### # | | ????????????????????????# #???????####?## # | | ??????????????????????#### ##?????????????# # | | ????????????????????### #?????????????## # | | ?????????????????#### d ##???????????## | | ?????????????????# d #?????????# # | | ??????????????????# ! #????????# # | | ??????????????????# @# #???????# ## | | ??????????????????# #???????## #?## | | ??????????????# #????????###???## | | ??????????????# r##### ##???????????????# | | ?????????????????????# ##????????????????# | | ?????????????????????#### ###?????????????????## | | ????????????????????????# ##???????????????????## | | ???????????????????????## ##???????????????????## | | ???????????????????????#k #????????????????????# | | ???????????????????????# #???????????????????? | | ??????????????????????# #??????????????????? | | ????????????????????? ?????????????????? | | ???????????????????? ####????????????????? | | ??????????????????? #???????????????????? | | ?????????????????? ### #???????????????????? | | ????????????????? #??## ##???????????????????? | | ??????????????? #????? #????????????????????? | | ??????????????# #?????? #????????????????????? | | ??????????????## #??????? #????????????????????? | | ???????????????###???????? #????????????????????? | | ?????????????????????????? #????????????????????? | | ?????????????????????????? #????????????????????? | | ?????????????????????????? #????????????????????? | | ??????????????????????????? ?????????????????????? | | ?????????????????????????????????????????????????? | +----------------------------------------------------+ Best States ------------- Heat Dissipation 25 Energy Generation 10 Energy Capacity 250 Matter Stores 298 Matter Capacity 300 Sight Range 16 Terrain Scan Density 10 Evasion (%) 55 Recoil Reduction 2 Item Schematics ----------------- Hcp. Storage Unit | -10/Materials | Hacked Robot Schematics ------------------ None Fabricated ------------ Nothing Repaired ---------- Nothing Alien Tech Used ----------------- None Achievements -------------- None Challenges ------------ None Game ------ Seed JunkWeldingShell Manual? 0 Play Time 00:04:45 Cumulative 251.4 hours Start 2025.05.09 @ 20:35:51 End 2025.05.09 @ 20:40:52 Sessions 1 Manual Loads 0 Difficulty Rogue Special Mode None Game No. 173 Rogue 173 Adventurer 0 Explorer 0 Win Type - Total 13 Types 6/0/5/1/0/0/0/1/0/0 Lore% 77 Gallery% 71 Achievement% 73 Wizard Run 0 Options --------- Layout 0 ASCII 0 Keyboard 0 Movement Mouse Keybinds 0 Fullscreen 2 Font 24/Smallcaps Map View 76x50 Zoom Use 0% Tactical HUD 1 Map Filters NONE Filters NONE Steam 1 RUN: b1a621d3-fe61-4346-82ea-74a09f066eb1